 Dungeon Crawl Stone Soup version 0.31-a0-473-g61b50ae490 (webtiles) character file.

Game seed: 8582626498504778864

21 MisterAzrael the Ruffian (level 2, 0/18 HPs)
             Began as an Octopode Shapeshifter on Aug 7, 2023.
             Slain by a kobold
             ... wielding a +0 short sword
              (3 damage)
             ... on level 1 of the Dungeon.
             The game lasted 00:01:04 (282 turns).

MisterAzrael the Ruffian (Octopode Shapeshifter)     Turns: 282, Time: 00:01:04

Health: 0/18       AC:  1    Str: 14    XL:     2   Next: 87%
Magic:  2/2        EV: 13    Int: 10    God:
Gold:   35         SH:  0    Dex: 12    Spells: 1/1 levels left

rFire   . .          .
                       - Unarmed
rCold   . . .        (no shield)
rNeg    . . .        (helmet currently unavailable)
rPois   .            (no amulet)
rElec   .            (no ring)
rCorr   .            (no ring)
SInv    .            (no ring)
Will    .....        (no ring)
Stlth   ++           (no ring)
HPRegen 0.23/turn    (no ring)
MPRegen 0.08/turn    (no ring)
                     (no ring)

%: no passive effects
@: beast-form
A: beast (slay +2), almost no armour, amphibious, 8 rings, camouflage 1,
gelatinous body 1, (nimble swimmer 1), tentacles
a: Begin Untransformation


You were on level 1 of the Dungeon.
You were a hulking beast.
You visited 1 branch of the dungeon, and saw 1 of its levels.

You collected 35 gold pieces.

Inventory:

Talismans
 b - a beast talisman (active)
Scrolls
 c - a scroll of teleportation {unknown}
 d - a scroll of identify {unknown}
Potions
 a - a potion of lignification
 f - a potion of resistance {unknown}
 g - a potion of brilliance {unknown}


   Skills:
 - Level 1.0 Fighting
 - Level 2.0 Dodging
 + Level 3.5 Unarmed Combat
 + Level 3.3 Shapeshifting


You had one spell level left.
You didn't know any spells.
Your spell library contained the following spells:

 Spells                   Type           Power      Damage    Failure   Level
 Summon Small Mammal      Summ           0%         N/A       36%         1
 Call Canine Familiar     Summ           0%         N/A       75%         3
 Summon Guardian Golem    Hex/Summ       0%         N/A       75%         3


Dungeon Overview and Level Annotations

Branches:
Dungeon (1/15)

Altars:


Innate Abilities, Weirdness & Mutations

You are a hulking beast.
Your limbs bulge with bestial killing power. (Slay +2)
You cannot wear most types of armour.
You are amphibious.
You can wear up to eight rings at the same time.
Your skin changes colour to match your surroundings (Stealth+).
Your rubbery body absorbs attacks. (AC +1, EV +1)
((You are camouflaged when in or above water. (Stealth+)))
You have tentacles for arms and can constrict up to eight enemies at once.


Message History

You tentacle-slap the giant cockroach.
You kill the giant cockroach!
The kobold throws a stone.
The stone hits you. The quokka bites you.
You are too injured to fight recklessly!
You are too injured to fight recklessly!
The quokka bites you.
* * * LOW HITPOINT WARNING * * *
You tentacle-slap the kobold.
You kill the kobold!
The quokka barely misses you. The rat misses you.
It was a potion of curing.
You feel better. The quokka completely misses you.
The goblin closely misses you. The rat bites you.
Okay, then.
The rat attacks as you move away! The rat closely misses you.
The quokka bites you. The quokka attacks as you move away!
The quokka bites you. The quokka attacks as you move away!
The quokka bites you.
* * * LOW HITPOINT WARNING * * *
The quokka closely misses you.
You tentacle-slap the quokka. Your grab misses the quokka.
The quokka is severely wounded.
The quokka bites you.
* * * LOW HITPOINT WARNING * * *
You tentacle-slap the quokka.
You kill the quokka!
You barely miss the goblin. You grab the goblin. You constrict the goblin.
The goblin closely misses you.
You barely miss the goblin.
The goblin is moderately wounded.
You constrict the goblin. The rat closely misses you.
The goblin closely misses you.
You tentacle-slap the goblin but do no damage.
The goblin is severely wounded.
You constrict the goblin.
You kill the goblin!
The rat barely misses you.
You barely miss the rat. Your grab misses the rat. You squeeze the rat.
You kill the rat!
The kobold hits you with a +0 short sword.
You die...

..≈...≈..... ####...###..####.♣P.
....#....≈.## #..#.##..## ##...
..≈...≈.....# ##.##.....# #.... #
......#.#.###..#####.######...♣
...#.#.......##.#####.........#.#
.≈.....≈...≈...........########..
....≈.†).#...###.................
.≈.....≈)..≈.###.################
...#.#.......##†h#
#...?...#.#....K##
..≈...≈.....##.##
....#....≈.###.# ..≈...≈....# #.#
.......#.## #.# ##.##...# ..# #.
.#.. ###


You could see a kobold.

Vanquished Creatures
  A dart slug (D:1)
  2 ball pythons (D:1)
  2 bats (D:1)
  An endoplasm (D:1)
  A giant cockroach (D:1)
  2 goblins (D:1)
  3 jackals (D:1)
  2 kobolds (D:1)
  A quokka (D:1)
  2 rats (D:1)
17 creatures vanquished.

Notes
Turn   | Place    | Note
-------+----------+-------------------------------------------
     0 | D:1      | MisterAzrael the Octopode Shapeshifter began the quest for
                  | the Orb.
     0 | D:1      | Reached XP level 1. HP: 13/13 MP: 1/1
   138 | D:1      | Reached XP level 2. HP: 16/18 MP: 2/2
   282 | D:1      | Slain by a kobold

Illustrated notes

Levels and vault maps discovered:
D:1:      denvon_arrival_planthouse, layout_rooms, serial_shops,
          nicolae_shop_pleasant_corner_grove, nicolae_kite_square_tiling_tiny,
          minmay_tripent

Action                     || total
---------------------------++-------
  Melee: Unarmed           ||    31
         Constrict         ||     6
         Tentacles         ||     3
    Use: Potion            ||     1
   Stab: Sleeping          ||     4
 Armour: Skin              ||     1
  Dodge: Dodged            ||    35

Table legend: (Time is in decaauts)
 A = Elapsed time spent in this place.
 B = Non-inter-level travel time spent in this place.
 C = Inter-level travel time spent in this place.
 D = Time resting spent in this place.
 E = Time spent auto-exploring this place.
 F = Levels seen in this place.
 G = Mean time per level.
                   A        B        C        D        E       F      G
               +--------+--------+--------+--------+--------+-----+--------+
         Total |    280 |    280 |      0 |      0 |    182 |   1 |  280.0 |
       Dungeon |    280 |    280 |      0 |      0 |    182 |   1 |  280.0 |
               +--------+--------+--------+--------+--------+-----+--------+

Top non-repeatable levels by time:
     D:1: 280 daAuts
